 Dungeon Crawl Stone Soup version 0.31-a0-542-gdc2a67831c (webtiles) character file.

Game seed: 7154004798875414980

59 Iich the Trooper (level 4, -4/41 HPs)
             Began as a Hill Orc Fighter on Aug 15, 2023.
             Slain by Crazy Yiuf
             ... wielding a +3 quarterstaff of chaos
              (6 damage)
             ... on level 2 of the Dungeon.
             The game lasted 00:02:37 (1483 turns).

Iich the Trooper (Hill Orc Fighter)                 Turns: 1483, Time: 00:02:37

Health: -4/41      AC: 12    Str: 18    XL:     4   Next: 3%
Magic:  4/4        EV:  5    Int:  8    God:
Gold:   77         SH:  5    Dex: 12    Spells: 3/3 levels left

rFire   . . .        a - +0 war axe
rCold   . . .        c - +1 buckler
rNeg    . . .        j - +1 plate armour
rPois   .            (no helmet)
rElec   .            (no cloak)
rCorr   .            (no gloves)
SInv    .            (no boots)
Will    .....        (no amulet) Stlth
                     (no ring)
HPRegen 0.26/turn    (no ring)
MPRegen 0.09/turn

%: no passive effects
@: lethally poisoned (-4 -> -4), about to teleport, attractive
A: no striking features
a: no special abilities


You were on level 2 of the Dungeon.
You visited 1 branch of the dungeon, and saw 2 of its levels.

You collected 77 gold pieces.

Inventory:

Hand Weapons
 a - a +0 war axe (weapon)
Armour
 b - a +0 scale mail
 c - a +1 buckler (worn)
 j - a +1 plate armour (worn)
Talismans
 k - a maw talisman
Scrolls
 f - a scroll of brand weapon
 g - a scroll of torment
 h - a scroll of silence {unknown}
 l - a scroll of amnesia {unknown}
 m - a scroll of revelation
Potions
 d - a potion of might
 e - a potion of attraction
 i - a potion of curing {unknown}
 n - a potion of resistance


   Skills:
 + Level 4.3 Fighting
 + Level 3.7 Axes
 - Level 3.2 Armour
 + Level 1.3 Dodging
 - Level 3.2 Shields
 + Level 0.5 Shapeshifting


You had 3 spell levels left.
You didn't know any spells.
Your spell library was empty.

Dungeon Overview and Level Annotations

Branches:
Dungeon (2/15)

Altars:

Annotations:
D:2 Crazy Yiuf


Message History

Crazy Yiuf hits you with a +3 quarterstaff of chaos!
You are poisoned.
You take 8 damage, and have 33/41 hp.
You hit Crazy Yiuf.
Crazy Yiuf is lightly wounded.
You feel very sick.
Crazy Yiuf hits you with a +3 quarterstaff of chaos.
Crazy Yiuf freezes you. You block Crazy Yiuf's attack.
You take 9 damage, and have 24/41 hp. !!!!--MASSIVE DAMAGE--!!!!
You barely miss Crazy Yiuf.
Crazy Yiuf is lightly wounded.
You feel very sick. Crazy Yiuf hits you but does no damage.
You take 3 damage, and have 21/41 hp.
You hit Crazy Yiuf but do no damage.
Crazy Yiuf is lightly wounded.
You feel sick.
Crazy Yiuf hits you with a +3 quarterstaff of chaos.
* * * LOW HITPOINT WARNING * * *
Crazy Yiuf burns you.
* * * LOW HITPOINT WARNING * * *
You take 9 damage, and have 12/41 hp. !!!!--MASSIVE DAMAGE--!!!!
As you read the scroll of teleportation, it crumbles to dust.
You feel strangely unstable.
You feel sick. You block Crazy Yiuf's attack.
It was a potion of attraction.
You feel attractive to monsters.
You feel sick.
Crazy Yiuf hits you with a +3 quarterstaff of chaos.
* * * LOW HITPOINT WARNING * * *
Crazy Yiuf freezes you.
* * * LOW HITPOINT WARNING * * *
You take 8 damage, and have 4/41 hp.
Okay, then.
You feel sick.
You take 1 damage, and have 3/41 hp.
You feel sick.
You take 1 damage, and have 2/41 hp.
Crazy Yiuf attacks as you move away!
Crazy Yiuf hits you with a +3 quarterstaff of chaos.
You die...

#### ...#### ♣♣♣♣♣###
...+..# ###**♣♣♣.♣..#.##
...##.##
#...#♣g@♣......#########
.......#
#...'.♣♣♣♣..............
.....<.# #)..#♣♣
♣♣.#..######### .....###
###** ♣♣#### ...(...#
######## ...#.###
#......#### >......#####
#######......)...
.###.......#
#.##.........#.#. .#
#######.#
#.############.#.


You could see Crazy Yiuf.

Vanquished Creatures
  An adder (D:2)
  A worm (D:2)
  5 ball pythons
  2 endoplasms
  2 giant cockroaches (D:1)
  4 goblins
  3 hobgoblins
  3 jackals (D:1)
  3 kobolds (D:2)
  5 quokkas
  5 bats
  A frilled lizard (D:2)
  10 rats
45 creatures vanquished.

Notes
Turn   | Place    | Note
-------+----------+-------------------------------------------
     0 | D:1      | Iich the Hill Orc Fighter began the quest for the Orb.
     0 | D:1      | Reached XP level 1. HP: 19/19 MP: 1/1
    95 | D:1      | Reached XP level 2. HP: 27/27 MP: 2/2
   191 | D:1      | Reached skill level 4 in Fighting
   473 | D:1      | Reached skill level 1 in Dodging
   584 | D:1      | Reached XP level 3. HP: 29/33 MP: 3/3
   910 | D:2      | Found a runed translucent door.
   911 | D:2      | Noticed Crazy Yiuf
  1170 | D:2      | Reached XP level 4. HP: 41/41 MP: 4/4
  1482 | D:2      | HP: 2/41 [poisoned by Crazy Yiuf]
  1483 | D:2      | Slain by Crazy Yiuf

Illustrated notes

Levels and vault maps discovered:
D:1:      dpeg_arrival_simpleton_a, layout_rooms, nrook_loot_triangle,
          minmay_misc_feat_diagonals, minmay_misc_feat_nine_boxes,
          chequers_serial_rivers_large_b
D:2:      minmay_door_path, layout_basic, minmay_pentomino_q4,
          uniq_crazy_yiuf_cottage

Skill      XL: |  1  2 |
---------------+-------+-----
Axes           | 3 |  3.7
Fighting       | 4 |  4.3
Dodging        | 1 |  1.3
Armour         | |  3.2
Shields        | |  3.2
Shapeshifting  | |  0.5

Action                     |  1- 3 |  4- 6 || total
---------------------------+-------+-------++-------
  Melee: War axe           |   100 |     7 ||   107
    Use: Scroll            |     6 |     1 ||     7
         Potion            |     1 |     1 ||     2
 Armour: Scale mail        |    22 |       ||    22
         Plate armour      |    39 |     1 ||    40
  Dodge: Dodged            |    30 |     1 ||    31
  Block: Buckler           |    17 |     4 ||    21

Table legend: (Time is in decaauts)
 A = Elapsed time spent in this place.
 B = Non-inter-level travel time spent in this place.
 C = Inter-level travel time spent in this place.
 D = Time resting spent in this place.
 E = Time spent auto-exploring this place.
 F = Levels seen in this place.
 G = Mean time per level.
                   A        B        C        D        E       F      G
               +--------+--------+--------+--------+--------+-----+--------+
         Total |   1548 |   1529 |     19 |      0 |   1216 |   2 |  774.0 |
       Dungeon |   1548 |   1529 |     19 |      0 |   1216 |   2 |  774.0 |
               +--------+--------+--------+--------+--------+-----+--------+

Top non-repeatable levels by time:
     D:2: 813 daAuts
     D:1: 735 daAuts
